 Dungeon Crawl Stone Soup version 0.30.0-16-gbe6223bb7e (webtiles) character file.

Game seed: 1128332214450814611

2342 gareppa the Cleaver (level 9, -1/56 HPs)
             Began as a Gargoyle Fighter on May 20, 2023.
             Was a Follower of Okawaru.
             Slain by a wight
             ... wielding a +4 spear
              (9 damage)
             ... on level 7 of the Dungeon.
             The game lasted 00:09:19 (5523 turns).

gareppa the Cleaver (Gargoyle Fighter)              Turns: 5523, Time: 00:09:19

Health: -1/56      AC: 21    Str: 24    XL:     9   Next: 43%
Magic:  10/10      EV:  6    Int: 11    God:    Okawaru [*.....]
Gold:   432        SH:  9    Dex:  9    Spells: 8/8 levels left

rFire   . . .        a - +1 war axe (drain)
rCold   . . .        c - +0 buckler
rNeg    + + .        p - +1 plate armour of Nemelex Xobeh's Grace {Int+2}
rPois   ∞            (no helmet)
rElec   +            (no cloak)
rCorr   .            (no gloves)
SInv    .            j - +0 pair of boots
Will    +....        w - amulet of reflection Stlth
                     e - ring of positive energy
HPRegen 0.29/turn    A - ring of willpower
MPRegen 0.12/turn

%: reflection
@: no status effects
A: sickness immunity, AC +6, negative energy resistance 1, electricity
resistance, torment resistance 1, petrification resistance
a: Renounce Religion, Heroism


You were on level 7 of the Dungeon.
You worshipped Okawaru.
Okawaru was aware of your devotion.
You visited 2 branches of the dungeon, and saw 8 of its levels.
You also visited: Sewer.

You collected 432 gold pieces.

Inventory:

Hand Weapons
 a - a +1 war axe of draining (weapon)
Missiles
 s - a throwing net (quivered)
Armour
 b - a +0 scale mail
 c - a +0 buckler (worn)
 h - a +0 plate armour
 j - a +0 pair of boots (worn)
 n - +0 steam dragon scales
 p - the +1 plate armour of Nemelex Xobeh's Grace (worn) {Int+2}
   (You found it in a sewer)

   Int:       It affects your intelligence (+2).
 t - the +3 chain mail of Death's Door {rF+ Stlth+}
   (You found it on level 6 of the Dungeon)

   rF:        It protects you from fire.
   Stlth:     It makes you more stealthy.
Jewellery
 e - a ring of positive energy (left hand)
 f - an amulet of the acrobat
 w - an amulet of reflection (around neck)
 A - a ring of willpower (right hand)
Wands
 m - a wand of roots (13)
Scrolls
 g - 3 scrolls of teleportation
 i - 3 scrolls of silence
 q - a scroll of blinking
 u - a scroll of enchant weapon
 v - a scroll of magic mapping
 y - 2 scrolls of amnesia {unknown}
 z - a scroll of poison {unknown}
Potions
 d - a potion of might
 k - 3 potions of lignification
 l - a potion of flight
 o - a potion of curing {unknown}
 r - a potion of mutation {unknown}
 x - a potion of invisibility {unknown}
 B - a potion of heal wounds {unknown}


   Skills:
 * Level 6.4 Fighting
 * Level 9.0 Axes
 + Level 5.8 Armour
 + Level 0.6 Dodging
 + Level 0.1 Stealth
 + Level 4.5 Shields
 * Level 2.2 Invocations


You had 8 spell levels left.
You didn't know any spells.
Your spell library contained the following spells:

 Spells                   Type           Power      Damage    Failure   Level
 Slow                     Hex            0%         N/A       99%         1
 Confusing Touch          Hex            0%         N/A       100%        3
 Vampiric Draining        Necr           0%         2d6       100%        3
 Vhi's Electric Charge    Tloc/Air       0%         N/A       100%        3
 Arcjolt                  Conj/Air       0%         1d10      100%        5
 Plasma Beam              Fire/Air       0%         2x1d11    100%        6
 Orb of Destruction       Conj           0%         9d5       100%        7
 Summon Guardian Golem    Hex/Summ       Unusable   N/A       N/A         3
 Spellforged Servitor     Conj/Summ      Unusable   N/A       N/A         7

Dungeon Overview and Level Annotations

Branches:
Dungeon (7/15)             Temple (1/1) D:6           Sewer (visited)

Altars:
Ashenzari
Cheibriados
Dithmenos
Elyvilon
Fedhas
Gozag
Hepliaklqana
Kikubaaqudgha
Makhleb
Okawaru
Qazlal
Ru
Trog
Uskayaw
Vehumet
Wu Jian
Xom
Yredelemnul
The Shining One


Innate Abilities, Weirdness & Mutations

You are immune to sickness and miasma.
Your stone body is resilient. (AC +6)
You are immune to poison.
You resist negative energy. (rN+)
You are resistant to electric shocks. (rElec)
You are resistant to unholy torment.
You are immune to petrification.


Message History

You barely miss the wight.
The wight is almost destroyed.
The wight hits you but does no damage.
The wight hits you with a +4 flail of freezing.
The wight freezes you.
You slash the wight!
You destroy the wight!
Okawaru accepts your kill. You block the wight's attack.
You slash the wight!
The wight is almost destroyed.
The wight hits you but does no damage. The wight barely misses you.
You closely miss the wight.
The wight is almost destroyed.
The wight hits you from afar with a +4 spear!
* * * LOW HITPOINT WARNING * * *
The wight hits you but does no damage.
You hit the wight but do no damage.
The wight is almost destroyed.
You block the wight's attack. x2
The wight hits you from afar with a +4 spear.
* * * LOW HITPOINT WARNING * * *
The wight hits you but does no damage.
You barely miss the wight.
The wight is almost destroyed.
You block the wight's attack. x2
You barely miss the wight.
The wight is almost destroyed.
The wight hits you but does no damage. You block the wight's attack.
You hit the wight.
The wight is almost destroyed.
You block the wight's attack. The wight hits you with a +4 mace.
* * * LOW HITPOINT WARNING * * *
You slash the wight!
You destroy the wight!
Okawaru accepts your kill. You block the wight's attack.
Your Axes skill increases to level 9!
The wight hits you with a +4 spear!
You die...

###### #....# ######
#....# #....# #....#
. #...z# #....###.
#@# ####
#......#.###'###..#
#......#..........#
#......#..........#
#......#..........#
#......#..........#
#......######'#####..
######...............
#...........[...


You could see a wight.

Vanquished Creatures
  Sigmund (D:3)
  2 steam dragons
  Duvessa (D:7)
  A black bear (D:4)
  An orc warrior (D:6)
  A phantom (D:5)
  4 bullfrogs
  4 scorpions
  3 wights (D:7)
  Dowan (D:7)
  5 killer bees (D:7)
  A howler monkey (D:5)
  A jelly (D:5)
  An orc priest (D:4)
  4 hounds
  A sleepcap (D:5)
  Jessica (D:3)
  2 iguanas
  4 orc wizards
  9 adders
  A river rat (D:4)
  2 worms
  A dart slug (D:4)
  31 orcs
  11 ball pythons
  3 bats
  3 endoplasms
  8 giant cockroaches
  5 goblins
  4 hobgoblins
  5 kobolds
  10 quokkas
  11 frilled lizards
  6 rats
149 creatures vanquished.

Notes
Turn   | Place    | Note
-------+----------+-------------------------------------------
     0 | D:1      | gareppa the Gargoyle Fighter began the quest for the Orb.
     0 | D:1      | Reached XP level 1. HP: 14/14 MP: 1/1
   204 | D:1      | Reached skill level 2 in Axes
   204 | D:1      | Reached XP level 2. HP: 19/19 MP: 2/2
   854 | D:2      | Reached XP level 3. HP: 23/23 MP: 3/3
  1507 | D:3      | Noticed a bullfrog
  1513 | D:3      | Killed a bullfrog
  1514 | D:3      | Reached skill level 3 in Axes
  1514 | D:3      | Reached XP level 4. HP: 22/29 MP: 4/4
  1586 | D:3      | Reached XP level 5. HP: 32/33 MP: 5/5
  1803 | D:3      | Found a hazy altar of Hepliaklqana.
  1804 | D:3      | Found an opulent altar of Gozag.
  1807 | D:3      | Found a basalt altar of Yredelemnul.
  1846 | D:3      | Noticed Jessica
  1854 | D:3      | Killed Jessica
  1855 | D:3      | Reached skill level 4 in Axes
  1935 | D:3      | Noticed Sigmund
  1944 | D:3      | Killed Sigmund
  1945 | D:3      | Reached XP level 6. HP: 38/38 MP: 6/6
  2163 | D:4      | Reached skill level 5 in Axes
  2255 | D:4      | Reached XP level 7. HP: 17/44 MP: 7/7
  2499 | D:4      | Reached skill level 6 in Axes
  2527 | D:4      | Found a sacrificial altar of Ru.
  2671 | D:4      | Found a glowing drain.
  2681 | Sewer    | Entered a sewer
  2918 | Sewer    | Reached skill level 5 in Armour
  2921 | Sewer    | Identified the +1 plate armour of Nemelex Xobeh's Grace
                  | {Int+2}
  2942 | Sewer    | Reached XP level 8. HP: 19/48 MP: 8/8
  3382 | D:5      | Entered Level 5 of the Dungeon
  3475 | D:5      | Reached skill level 5 in Fighting
  3571 | D:5      | Reached skill level 7 in Axes
  4262 | D:6      | Found a staircase to the Ecumenical Temple.
  4268 | Temple   | Entered the Ecumenical Temple
  4287 | Temple   | Became a worshipper of Warmaster Okawaru
  4409 | D:6      | Identified the +3 chain mail of Death's Door {rF+ Stlth+}
  4642 | D:6      | Reached skill level 8 in Axes
  4989 | D:7      | Reached skill level 1 in Invocations
  4991 | D:7      | Reached XP level 9. HP: 47/55 MP: 9/9
  5000 | D:7      | Reached * piety under Okawaru
  5246 | D:7      | Noticed Duvessa
  5246 | D:7      | Noticed Dowan
  5256 | D:7      | Killed Dowan
  5261 | D:7      | Killed Duvessa
  5523 | D:7      | Reached skill level 9 in Axes
  5523 | D:7      | Slain by a wight

Illustrated notes

Levels and vault maps discovered:
D:1:      dpeg_arrival_prison, layout_loops_ring, minivault_25
D:2:      layout_basic
D:3:      layout_loops_cross, chequers_temple_overflow_statue_of_worship,
          uniq_sigmund, uniq_jessica
D:4:      minmay_spotlight, layout_basic, mainiacjoe_overflow_24_doors,
          cheibrodos_sewer_entry_sluice
D:5:      layout_rooms
D:6:      layout_loops_ring, minmay_temple_entry_enclosed_plants
D:7:      layout_gridville, uniq_duvessa
Temple:   minmay_freezing_vapour_temple

Skill      XL: |  1  2  3  4  5  6  7  8  9 |
---------------+----------------------------+-----
Axes           | 2 3 4 5 6 8 9 |  9.0
Armour         | 4 5 |  5.8
Fighting       | 4 6 |  6.4
Shields        | 4 |  4.5
Invocations    | 1 2 |  2.2
Dodging        | |  0.6
Stealth        | |  0.1

Action                     |  1- 3 |  4- 6 |  7- 9 || total
---------------------------+-------+-------+-------++-------
  Melee: War axe           |   105 |    56 |   336 ||   497
    Use: Scroll            |     7 |     2 |     1 ||    10
         Potion            |     3 |       |     1 ||     4
 Armour: Scale mail        |    22 |       |       ||    22
         Plate armour      |    66 |    28 |   264 ||   358
  Dodge: Dodged            |    46 |    14 |   146 ||   206
  Block: Buckler           |    15 |    10 |   102 ||   127
